 Dungeon Crawl Stone Soup version 0.30.1-4-g462c640d31 (webtiles) character file.

Game seed: 4293451612429334128

42 leafyfresh the Covert (level 3, 0/35 HPs)
             Began as a Gnoll Delver on Aug 10, 2023.
             Slain by a cerulean imp
             ... wielding a +2 spear
             ... summoned by Natasha
              (3 damage)
             ... on level 3 of the Dungeon.
             The game lasted 00:01:20 (540 turns).

leafyfresh the Covert (Gnoll Delver)                 Turns: 540, Time: 00:01:21

Health: 0/35       AC:  3    Str: 11    XL:     3   Next: 56%
Magic:  4/4        EV: 13    Int: 11    God:
Gold:   16         SH:  0    Dex: 13    Spells: 0/3 levels left

rFire   . . .        a - +0 short sword
rCold   . . .        (no shield)
rNeg    . . .        b - +0 leather armour
rPois   .            (no helmet)
rElec   .            (no cloak)
rCorr   .            (no gloves)
SInv    .            (no boots)
Will    .....        (no amulet)
Stlth   ++++         h - ring of wizardry
HPRegen 0.25/turn    (no ring)
MPRegen 0.09/turn

%: wizardry (x1)
@: slowed, very slow
A: fangs 1, strong nose, distributed training
a: no special abilities


You were on level 3 of the Dungeon.
You visited 1 branch of the dungeon, and saw 3 of its levels.

You collected 16 gold pieces.

Inventory:

Hand Weapons
 a - a +0 short sword (weapon)
Armour
 b - a +0 leather armour (worn)
Jewellery
 h - a ring of wizardry (left hand)
Wands
 g - a wand of digging (3)
Scrolls
 c - a scroll of fog
 d - a scroll of vulnerability {unknown}
 i - a scroll of enchant armour {unknown}
Potions
 f - a potion of haste


   Skills:
 + Level 6.5 Fighting
 + Level 4.5 Short Blades
 + Level 0.9 Long Blades
 + Level 0.9 Axes
 + Level 0.9 Maces & Flails
 + Level 0.9 Polearms
 + Level 0.9 Staves
 + Level 0.9 Ranged Weapons
 + Level 0.9 Throwing
 + Level 0.9 Armour
 + Level 4.5 Dodging
 + Level 9.6 Stealth
 + Level 0.9 Shields
 + Level 0.9 Unarmed Combat
 + Level 0.9 Spellcasting
 + Level 0.6 Conjurations
 + Level 0.6 Hexes
 + Level 0.6 Summonings
 + Level 0.6 Necromancy
 + Level 0.6 Translocations
 + Level 0.6 Transmutations
 + Level 0.6 Fire Magic
 + Level 0.6 Ice Magic
 + Level 0.6 Air Magic
 + Level 0.6 Earth Magic
 + Level 0.6 Poison Magic
 + Level 1.0 Invocations
 + Level 0.9 Evocations


You couldn't memorise any spells.
You knew the following spells:

 Your Spells              Type           Power      Damage    Failure   Level
a - Mephitic Cloud        Conj/Pois/Air  1%         N/A       36%         3

Your spell library contained the following spells:

 Spells                   Type           Power      Damage    Failure   Level
 Poisonous Vapours        Pois/Air       2%         N/A       21%         2
 Freezing Cloud           Conj/Ice/Air   0%         6-21      97%         5


Dungeon Overview and Level Annotations

Branches:
Dungeon (5/15)
 Temple: D:4-7

Altars:
The Shining One

Annotations:
D:3 Natasha


Innate Abilities, Weirdness & Mutations

You have very sharp teeth.
Your uncanny sense of smell can sniff out nearby items.
Your experience applies equally to all skills.


Message History

Natasha mumbles some strange words.
You hit Natasha but do no damage. You bite Natasha, but do no damage.
Natasha is lightly wounded.
You barely miss Natasha.
Natasha is lightly wounded.
The cerulean imp hits you from afar with a +2 spear.
Natasha barely misses you.
You hit Natasha but do no damage.
Natasha is lightly wounded.
The cerulean imp hits you from afar with a +2 spear.
Natasha casts a spell at you.
You feel yourself slow down.
You hit Natasha.
Natasha is moderately wounded.
The cerulean imp hits you from afar with a +2 spear.
Natasha barely misses you.
You hit Natasha but do no damage. Your bite misses Natasha.
Natasha is moderately wounded.
The cerulean imp misses you. Natasha misses you.
Unknown command.
You closely miss Natasha.
Natasha is moderately wounded.
The cerulean imp hits you from afar with a +2 spear.
Natasha completely misses you.
You closely miss Natasha. Your bite misses Natasha.
Natasha is moderately wounded.
The cerulean imp barely misses you. Natasha casts a spell at you.
The magic dart hits you!
* * * LOW HITPOINT WARNING * * *
Natasha barely misses you.
The cerulean imp hits you but does no damage.
As you read the scroll of fear, it crumbles to dust.
You assume a fearsome visage.
The cerulean imp easily resists.
Natasha looks frightened!
The cerulean imp hits you from afar with a +2 spear.
* * * LOW HITPOINT WARNING * * *
Unknown command.
The cerulean imp hits you from afar with a +2 spear.
You die...

#...# #.......#
#...#########.......#
#..........##.......#
.####...###....(#...<##..
.....................##..
........)................
.................#.#.##..
###.#...#.#.....##.......
#.#...@......###......# #
#)..#.###.## #.#.####
##.#..5#.# #.# ##.#.####
#..h.....# #.# #.#......
#.##...### #.####.#.###.
# ##### #........# ##
########## ∆


You could see Natasha (fleeing) and a cerulean imp (summoned).

Vanquished Creatures
  Natasha (D:3)
  A dart slug (D:3)
  An orc (D:4)
  2 hobgoblins (D:4)
  3 quokkas
  4 goblins
  A kobold (D:3)
  A rat (D:3)
14 creatures vanquished.

Notes
Turn   | Place    | Note
-------+----------+-------------------------------------------
     0 | D:5      | Reached skill level 9 in Stealth
     0 | D:5      | leafyfresh the Gnoll Delver began the quest for the Orb.
     0 | D:5      | Reached XP level 1. HP: 23/23 MP: 1/1
    20 | D:4      | Found a glowing golden altar of the Shining One.
    73 | D:4      | Reached XP level 2. HP: 8/29 MP: 2/2
   262 | D:4      | Noticed an ogre
   365 | D:3      | Noticed Natasha
   370 | D:3      | Killed Natasha
   371 | D:3      | Reached skill level 1 in Invocations
   371 | D:3      | Reached XP level 3. HP: 35/35 MP: 2/4
   523 | D:3      | Noticed Natasha
   528 | D:3      | Learned a level 3 spell: Mephitic Cloud
   540 | D:3      | Slain by a cerulean imp

Illustrated notes

Levels and vault maps discovered:
D:3:      layout_loops_cross, kennysheep_slug_shrine,
          hellmonk_ecumenical_altar_leap_of_faith, uniq_natasha
D:4:      wad_woods_stonehenge, layout_basic, minmay_small_thing, uniq_robin
D:5:      layout_rooms, nicolae_ossuary_entry_monument, roderic_lattice_a,
          hangedman_abyss_or_decor_stagger, uniq_sigmund, uniq_ijyb

Skill      XL: |  1  2 |
---------------+-------+-----
Stealth        | |  9.6
Invocations    | 1 |  1.0
Fighting       | |  6.5
Short Blades   | |  4.5
Long Blades    | |  0.9
Axes           | |  0.9
Maces & Flails | |  0.9
Polearms       | |  0.9
Staves         | |  0.9
Ranged Weapons | |  0.9
Throwing       | |  0.9
Armour         | |  0.9
Dodging        | |  4.5
Shields        | |  0.9
Unarmed Combat | |  0.9
Spellcasting   | |  0.9
Conjurations   | |  0.6
Hexes          | |  0.6
Summonings     | |  0.6
Necromancy     | |  0.6
Translocations | |  0.6
Transmutations | |  0.6
Fire Magic     | |  0.6
Ice Magic      | |  0.6
Air Magic      | |  0.6
Earth Magic    | |  0.6
Poison Magic   | |  0.6
Evocations     | |  0.9

Action                     || total
---------------------------++-------
  Melee: Short sword       ||    73
         Bite              ||     8
         Punch             ||     2
    Use: Scroll            ||     2
   Stab: Sleeping          ||     2
         Distracted        ||     1
 Armour: Leather armour    ||     9
  Dodge: Dodged            ||    35
